 Crawl Stoat Soup version 0.23-ish-327-79-gcf5fd2a (webtiles) character file.

2 shroom the Grave Robber (level 1, -4/14 HPs)
             Began as a Ghoul Necromancer on Apr 22, 2024.
             Slain by a goblin
             ... wielding a +0 club
              (6 damage)
             ... on level 1 of the Dungeon.
             The game lasted 00:04:59 (119 turns).

shroom the Grave Robber (Ghoul Necromancer)          Turns: 119, Time: 00:05:00

Health: -4/14      AC:  2    Str: 11    XL:     1   Next: 30%
Magic:  3/3        EV: 12    Int: 14    God:
Gold:   14         SH:  0    Dex:  9    Spells: 2/3 levels left

rFire    . . .     SeeInvis .   a - +0 short sword
rCold    + . .     Gourm    .   (no shield)
rNeg     + + +     Faith    .   b - +0 robe
rPois    ∞         Spirit   .   (no helmet)
rElec    .         Warding  .   (no cloak)
rCorr    .         Reflect  .   (no gloves)
MR       .....     Harm     .   (no boots)
Stlth    ++........             (no amulet)
HPRegen  0.00/turn              (no ring)
MPRegen  0.08/turn              (no ring)

@: rotting
A: rotting body, claws 1, carnivore 3, cold resistance 1, negative energy
resistance 3, inhibited regeneration 2, torment resistance, unbreathing
a: no special abilities


You were on level 1 of the Dungeon.
You were not hungry.

You visited 1 branch of the dungeon, and saw 1 of its levels.

You collected 14 gold pieces.

Inventory:

Hand Weapons
 a - a +0 short sword (weapon)
Armour
 b - a +0 robe (worn)
Potions
 d - 2 potions of mutation {unknown}


   Skills:
 + Level 1.7 Dodging
 + Level 2.1 Stealth
 + Level 1.8 Spellcasting
 + Level 4.0 Necromancy


You had 2 spell levels left.
You knew the following spells:

 Your Spells              Type           Power        Failure   Level  Hunger
a - Pain                  Necr           12/25        4%          1    ##.....

Your spell library contained the following spells:

 Spells                   Type           Power        Failure   Level  Hunger
 Animate Skeleton         Necr           N/A          4%          1    ##.....
 Vampiric Draining        Necr           12/200       14%         3    ####...
 Animate Dead             Necr           N/A          41%         4    #####..
 Regeneration             Chrm/Necr      6/200        71%         4    #####..


Dungeon Overview and Level Annotations

Branches:
Dungeon (1/15)

Altars:


Innate Abilities, Weirdness & Mutations

Your body is rotting away.
You thrive on raw meat.
You are immune to poison.
You have sharp fingernails.
You are carnivorous and can eat meat at any time.
Your flesh is cold resistant. (rC+)
You are immune to negative energy. (rN+++)
You do not regenerate when monsters are visible.
You are immune to unholy pain and torment.
You can survive without breathing.


Message History

Okay, then.
Drop what? 4/52 slots (_ for help) (? for menu, Esc to quit)
You drop a scroll labeled LOGROQUGINENT.
The goblin misses you.
The goblin hits you but does no damage. x2
The goblin misses you.
Ipoke's ghost hits the goblin.
The goblin dies!
The goblin hits you but does no damage.
You barely miss the goblin. The goblin misses you.
The hobgoblin closely misses you.
You barely miss the goblin.
Ipoke's ghost hits the hobgoblin but does no damage.
The goblin closely misses you. The hobgoblin hits you with a club.
You barely miss the hobgoblin.
Ipoke's ghost hits the hobgoblin.
The hobgoblin dies!
The goblin hits you with a club.
* * * LOW HITPOINT WARNING * * *
Ipoke's ghost fades from view, its vengeance complete.
The goblin hits you with a club.
You die...

#W# #.# #g# #g#
#.#
###############.#
#.......#.......#
+?g.>.>.'.#####.#
#.@.....#.......#
#########.#######
#......%#.#
+...<...).#
#..%....###
#########


You could see a goblin.

Vanquished Creatures
  A hobgoblin (D:1)
  A rat (D:1)
2 creatures vanquished.

Vanquished Creatures (others)
  A goblin (D:1)
  A hobgoblin (D:1)
2 creatures vanquished.

Grand Total: 4 creatures vanquished

Notes
Turn   | Place    | Note
-------+----------+-------------------------------------------
     0 | D:1      | shroom the Ghoul Necromancer began the quest for the Orb.
     0 | D:1      | Reached XP level 1. HP: 14/14 MP: 3/3
    82 | D:1      | Noticed ipoke's ghost (weakling MfBe)
   118 | D:1      | Witnessed revenge of ipoke's ghost on a hobgoblin.
   119 | D:1      | Slain by a goblin

Vault maps used:
D:1:      minmay_arrival_up_and_down, chequers_serial_rivers_micro_c,
          minmay_fountain_box

Action                   || total
-------------------------++-------
Melee: Short sword       ||    10
  Eat: Meat ration       ||     1
Armor: Robe              ||     3
Dodge: Dodged            ||    11

Table legend:
 A = Spawn XP
 B = Non-spawn XP
 C = Spawn XP percentage of total XP
 D = Spawn monster count
 E = Non-spawn monster count
 F = Spawn count percentage of total count
 G = Total turns spent on level
                    A         B        C        D         E        F      G
               +---------+---------+-------+---------+---------+-------+---------
         Total |       0 |       3 |   0.0 |       0 |       2 |   0.0 |   119
               +---------+---------+-------+---------+---------+-------+---------
           D:1 |       0 |       3 |   0.0 |       0 |       2 |   0.0 |   119
               +---------+---------+-------+---------+---------+-------+---------
